 Dungeon Crawl Stone Soup version 0.30-a0-576-g89cddaab80 (webtiles) character file.

Game seed: 8306110033835522940

1675 bobo the Thaumaturge (level 8, -11/41 HPs)
             Began as a Deep Elf Fire Elementalist on Dec 30, 2022.
             Was an Initiate of Vehumet.
             Killed by an exploding necrophage (40 damage)
             ... ignited by their inner flame
             ... on level 5 of the Dungeon on Dec 31, 2022.
             The game lasted 00:18:15 (6086 turns).

bobo the Thaumaturge (Deep Elf Fire Elementalist)   Turns: 6086, Time: 00:18:15

Health: -11/41     AC:  2    Str:  5    XL:     8   Next: 70%
Magic:  13/22      EV: 12    Int: 23    God:    Vehumet [......]
Gold:   190        SH:  0    Dex: 15    Spells: 9/24 levels left

rFire   . . .      SeeInvis .    i - +0 falchion (freeze)
rCold   . . .      Faith    .    (no shield)
rNeg    . . .      Spirit   .    a - +0 robe
rPois   .          Reflect  .    (no helmet)
rElec   .          Harm     .    (no cloak)
rCorr   .          Rampage  .    (no gloves)
Will    .....                    (no boots)
Stlth   ++                       (no amulet)
HPRegen 0.26/turn                (no ring)
MPRegen 0.18/turn                (no ring)

@: no status effects
A: no striking features
a: Renounce Religion


You were on level 5 of the Dungeon.
You worshipped Vehumet.
Vehumet was noncommittal.
You visited 1 branch of the dungeon, and saw 5 of its levels.

You collected 296 gold pieces.
You spent 106 gold pieces at shops.

Inventory:

Hand Weapons
 i - a +0 falchion of freezing (weapon)
 m - a +2 vampiric short sword
Armour
 a - a +0 robe (worn)
 u - a +1 helmet
Jewellery
 k - a ring of protection from cold
Scrolls
 c - a scroll of brand weapon
 e - a scroll of blinking
 f - 2 scrolls of teleportation
 h - 2 scrolls of magic mapping
 j - 3 scrolls of amnesia
 n - a scroll of vulnerability
 t - a scroll of poison {unknown}
 v - a scroll of fear {unknown}
Potions
 b - a potion of magic
 d - 2 potions of might
 o - a potion of flight {unknown}
 p - 2 potions of attraction
 q - 2 potions of mutation
 r - 2 potions of curing
 s - a potion of ambrosia {unknown}


   Skills:
 - Level 2.4 Dodging
 - Level 2.4 Stealth
 + Level 8.9 Spellcasting
 + Level 7.0 Conjurations
 + Level 7.8 Fire Magic


You had 9 spell levels left.
You knew the following spells:

 Your Spells              Type           Power      Damage    Failure   Level
a - Scorch                Fire           92%        2d10      1%          2
b - Flame Wave            Conj/Fire      44%        2d11      3%          4
c - Iskenderun's Battles  Conj           42%        2d9       10%         5
d - Inner Flame           Hex/Fire       28%        N/A       3%          3
p - Foxfire               Conj/Fire      100%       2x1d9     1%          1

Your spell library contained the following spells:

 Spells                   Type           Power      Damage    Failure   Level
 Static Discharge         Conj/Air       52%        2-5/arc   2%          2
 Kindle Blastsparks       Fire/Tloc/Air  44%        2d13      6%          3
 Vhi's Electric Charge    Tloc/Air       20%        N/A       19%         3
 Arcjolt                  Conj/Air       13%        1d23      38%         5
 Lightning Bolt           Conj/Air       13%        1d26      38%         5
 Passage of Golubria      Tloc           10%        N/A       54%         4
 Silence                  Hex/Air        5%         N/A       87%         5
 Iron Shot                Conj/Erth      13%        9d3       92%         6
 Spellforged Servitor     Conj/Summ      13%        N/A       100%        7
 Lehudib's Crystal Spear  Conj/Erth      13%        10d4      100%        8


Dungeon Overview and Level Annotations

Branches:
Dungeon (5/15)
 Temple: D:4-7

Altars:
Kikubaaqudgha
Makhleb
Vehumet
Xom
Yredelemnul

Shops:
D:3 !*!

Annotations:
D:5 Menkaure


Message History

Casting: Scorch (safe; 1% risk of failure)
Confirm with . or Enter, or press ? or * to list all spells.
Aiming: Inner Flame (dangerous; 3% risk of failure)
Press: ? - help, Dir - move target, f/p - necrophage
Aim: a necrophage (lightly damaged, chance to affect: 69%)
The necrophage is filled with an inner flame.
You conjure some foxfire!
Casting: Foxfire (safe; 1% risk of failure)
Confirm with . or Enter, or press ? or * to list all spells.
You don't know that spell.
Unknown command.
Casting: Foxfire (safe; 1% risk of failure)
Confirm with . or Enter, or press ? or * to list all spells.
Casting: Flame Wave (dangerous; 3% risk of failure)
Press: ? - help, Dir - look around, f - activate A wave of flame ripples out!
The flame wave engulfs the wight!
The wight is severely damaged.
The flame wave engulfs your foxfire.
Your foxfire completely resists.
The flame wave engulfs your foxfire.
Your foxfire completely resists. (Press . to intensify the flame waves.)
The foxfire hits the wight.
The wight is almost destroyed.
The foxfire hits Menkaure.
Menkaure is lightly damaged.
The wight hits you with a +6 short sword!
A wave of flame ripples out!
The flame wave engulfs the wight.
You destroy the wight!
Vehumet accepts your kill.
The flame wave engulfs Menkaure!!
Menkaure is burned terribly!
Menkaure is almost destroyed.
The flame wave engulfs the necrophage!!
Flame seeps out of the necrophage.
The necrophage is almost destroyed.
The necrophage is engulfed in blazing flames.
Vehumet accepts your kill.
The necrophage explodes!
The fiery explosion engulfs you!!!
Ouch! That really hurt!
You die...

#..#########.........###.#
#....................##..#
#..#############.....##.##
#..#..........©#.....##.##
#..#|..........#..........
##..#$.###.###..#..........
#...#_.#8#.#8#..#..........
#...#)....$M....#!.........
#..©#⌠....@§M...#©..#..>...
##..#=....§○§...#..##......
##.#_.#8#§#8#..#÷###......
#.#$.###.###..#.# #......
#.#!..........#.# #######
#.#...........#.#
#.#############.#
#...............#
#################


You could see Menkaure and a mummy.

Vanquished Creatures
  Grinder (D:3)
  Sigmund (D:3)
  Duvessa (D:4)
  A black bear (D:4)
  An ogre (D:4)
  A phantom (D:5)
  Blork the orc (D:5)
  A necrophage (D:5)
  A scorpion (D:5)
  A wight (D:5)
  A water moccasin skeleton (D:5)
  Dowan (D:4)
  2 howler monkeys (D:5)
  4 crimson imps (D:3)
  4 hounds (D:5)
  4 iguanas
  Natasha (twice) (D:4)
  An orc wizard (D:3)
  8 gnolls
  5 adders
  3 worms
  2 dart slugs
  7 orcs
  5 ball pythons
  10 endoplasms
  A giant cockroach (D:3)
  12 hobgoblins
  3 quokkas
  3 bats
  3 frilled lizards
  10 goblins
  7 kobolds
  6 rats
114 creatures vanquished.

Vanquished Creatures (others)
  379 foxfires
379 creatures vanquished.

Grand Total: 493 creatures vanquished

Notes
Turn   | Place    | Note
-------+----------+-------------------------------------------
     0 | D:1      | bobo the Deep Elf Fire Elementalist began the quest for the
                  | Orb.
     0 | D:1      | Reached XP level 1. HP: 10/10 MP: 6/6
   281 | D:1      | Reached XP level 2. HP: 15/15 MP: 4/8
   290 | D:1      | Learned a level 2 spell: Scorch
   849 | D:1      | Found a faded altar of an unknown god.
  1047 | D:2      | Reached XP level 3. HP: 19/19 MP: 3/10
  1051 | D:2      | Learned a level 3 spell: Inner Flame
  1222 | D:2      | Reached skill level 4 in Spellcasting
  1764 | D:2      | Reached XP level 4. HP: 24/24 MP: 8/12
  1769 | D:2      | Learned a level 4 spell: Flame Wave
  2513 | D:3      | Noticed Sigmund
  2516 | D:3      | Killed Sigmund
  2517 | D:3      | Reached skill level 5 in Spellcasting
  2517 | D:3      | Reached XP level 5. HP: 22/28 MP: 6/14
  2696 | D:3      | Found Limuthro's Distillery.
  2699 | D:3      | Bought a potion of curing for 36 gold pieces
  2777 | D:3      | Reached skill level 5 in Fire Magic
  2821 | D:3      | Reached XP level 6. HP: 32/32 MP: 9/16
  2936 | D:3      | Found Nuckoaqerr's Distillery.
  2942 | D:3      | Bought a potion of heal wounds for 70 gold pieces
  3081 | D:3      | Noticed Grinder
  3091 | D:3      | Killed Grinder
  3092 | D:3      | Reached skill level 6 in Spellcasting
  3365 | D:3      | Found a shimmering altar of Xom.
  3381 | D:3      | Learned a level 5 spell: Iskenderun's Battlesphere
  3471 | D:3      | Reached XP level 7. HP: 22/36 MP: 18/18
  3658 | D:3      | Reached skill level 5 in Conjurations
  3738 | D:3      | Found Zuyzokk's Assorted Antiques.
  4094 | D:4      | Noticed Duvessa
  4094 | D:4      | Noticed Dowan
  4133 | D:4      | Reached skill level 7 in Spellcasting
  4721 | D:4      | Killed Duvessa
  4725 | D:4      | Killed Dowan
  4726 | D:4      | Reached XP level 8. HP: 16/41 MP: 7/21
  4726 | D:4      | Noticed Natasha
  4730 | D:4      | Killed Natasha
  4759 | D:4      | Noticed Natasha
  4878 | D:4      | Found a burning altar of Makhleb.
  4878 | D:4      | Noticed a cacodemon
  5108 | D:4      | Killed Natasha
  5176 | D:5      | Entered Level 5 of the Dungeon
  5182 | D:5      | Reached skill level 8 in Spellcasting
  5533 | D:5      | Noticed Blork the orc
  5545 | D:5      | Killed Blork the orc
  5588 | D:5      | Found a radiant altar of Vehumet.
  5646 | D:5      | Found a basalt altar of Yredelemnul.
  5656 | D:5      | Became a worshipper of Vehumet
  5689 | D:5      | Noticed Menkaure
  5692 | D:5      | Found an ancient bone altar of Kikubaaqudgha.
  5711 | D:5      | Found a transporter.
  5750 | D:5      | Found a transporter.
  6086 | D:5      | Killed by an exploding necrophage... ignited by their inner
                  | flame

Illustrated notes

Levels and vault maps discovered:
D:1:      minmay_arrival_radiant_lines, layout_basic,
          chequers_ecumenical_altar_twisty
D:2:      layout_loops_corners, corner_web_ring
D:3:      cheibrodos_greedy_goblins, layout_basic, led_xom_imps, serial_shops,
          nicolae_shop_hallway_stairs, shop, nicolae_shop_window_shopping,
          uniq_grinder, uniq_sigmund
D:4:      layout_loops_ring, makhleb_altar_promises_db, uniq_natasha,
          uniq_duvessa
D:5:      layout_basic, mainiacjoe_overflow_chevrons,
          gammafunk_temple_of_torment, uniq_menkaure, uniq_blork_the_orc

Skill      XL: |  1  2  3  4  5  6  7  8 |
---------------+-------------------------+-----
Conjurations   | 2 3 4 5 7 |  7.0
Spellcasting   | 4 5 6 7 8 |  8.9
Fire Magic     | 4 5 6 7 |  7.8
Dodging        | |  2.4
Stealth        | |  2.4

Action                   |  1- 3 |  4- 6 |  7- 9 || total
-------------------------+-------+-------+-------++-------
Melee: Falchion          |       |    20 |    18 ||    38
       Punch             |       |     1 |       ||     1
 Cast: Foxfire           |    61 |    67 |    95 ||   223
       Scorch            |    11 |    11 |    35 ||    57
       Inner Flame       |       |     6 |     4 ||    10
       Iskenderun's Batt |       |       |     3 ||     3
       Flame Wave        |       |       |     1 ||     1
  Use: Scroll            |       |     3 |     6 ||     9
       Potion            |       |     1 |     2 ||     3
Armor: Robe              |       |     4 |     2 ||     6
Dodge: Dodged            |     2 |    20 |    13 ||    35

Table legend: (Time is in decaauts)
 A = Elapsed time spent in this place.
 B = Non-inter-level travel time spent in this place.
 C = Inter-level travel time spent in this place.
 D = Time resting spent in this place.
 E = Time spent auto-exploring this place.
 F = Levels seen in this place.
 G = Mean time per level.
                   A        B        C        D        E       F      G
               +--------+--------+--------+--------+--------+-----+--------+
         Total |   6097 |   5790 |    307 |    249 |   4617 |   5 | 1219.4 |
       Dungeon |   6097 |   5790 |    307 |    249 |   4617 |   5 | 1219.4 |
               +--------+--------+--------+--------+--------+-----+--------+

Top non-repeatable levels by time:
     D:3: 1819 daAuts
     D:2: 1353 daAuts
     D:4: 1023 daAuts
     D:1: 992 daAuts
     D:5: 909 daAuts
